 Dungeon Crawl Stone Soup version 0.29-a0-541-gaf1fc19f1b (webtiles) character file.

Game seed: 3782368139653348169

59 kevlar127 the Ruffian (level 3, -4/37 HPs)
             Began as a Troll Berserker on June 2, 2022.
             Was a Believer of Trog.
             Slain by a gnoll
             ... wielding a +0 club
              (7 damage)
             ... on level 3 of the Dungeon.
             The game lasted 00:03:31 (1632 turns).

kevlar127 the Ruffian (Troll Berserker)             Turns: 1632, Time: 00:03:31

Health: -4/37      AC:  4    Str: 27    XL:     3   Next: 78%
Magic:  2/2        EV: 10    Int:  3    God:    Trog [**....]
Gold:   133        SH:  0    Dex:  9    Spells: 2/2 levels left

rFire   . . .      SeeInvis .     - Unarmed
rCold   . . .      Faith    .   (no shield)
rNeg    . . .      Spirit   .   a - +0 animal skin
rPois   .          Reflect  .   (helmet restricted)
rElec   .          Harm     .   (no cloak)
rCorr   .          Rampage  .   (gloves unavailable)
Will    ++...                   (boots unavailable)
Stlth   +.........              (no amulet)
HPRegen 1.92/turn               (no ring)
MPRegen 0.08/turn               (no ring)

@: strong-willed, regenerating
A: large, unfitting armour, claws 3, regeneration 1, shaggy fur 1, tough skin 1
a: Renounce Religion, Berserk, Trog's Hand


You were on level 3 of the Dungeon.
You worshipped Trog.
Trog was pleased with you.
You visited 1 branch of the dungeon, and saw 3 of its levels.

You collected 133 gold pieces.

Inventory:

Missiles
 c - 116 stones (quivered)
Armour
 a - a +0 animal skin (worn)
Jewellery
 k - an amulet of faith
Scrolls
 b - a scroll of identify {unknown}
 f - a scroll of immolation {unknown}
 i - a scroll of vulnerability {unknown}
 j - a scroll of teleportation {unknown}
 l - a scroll of fog {unknown}
Potions
 d - a potion of heal wounds {unknown}
 e - 3 potions of curing {unknown}
 g - a potion of ambrosia {unknown}
 h - a potion of brilliance {unknown}


   Skills:
 + Level 3.1 Fighting
 - Level 2.6 Dodging
 + Level 3.9 Unarmed Combat


You had 2 spell levels left.
You didn't know any spells.
Your spell library was empty.

Dungeon Overview and Level Annotations

Branches:
Dungeon (3/15)

Altars:
Gozag

Annotations:
D:3 Terence


Innate Abilities, Weirdness & Mutations

You are too large for most types of armour.
You have claws for hands.
Your natural rate of healing is unusually fast.
You are covered in fur. (AC +1)
You have tough skin. (AC +1)


Message History

There are monsters nearby!
Terence the Incautious comes into view.
He is wielding a +0 hand axe.
Terence shouts!
You hear a shout!
An adder comes into view.
The gnoll barely misses you.
You barely miss the gnoll.
The adder hisses angrily.
A gnoll comes into view. It is wielding a +0 halberd.
The gnoll hits you but does no damage.
You closely miss the gnoll. The gnoll hits you with a +0 spear.
Terence asks, "Do you want it fast or slow?"
The gnoll hits you but does no damage.
You scratch the gnoll.
The gnoll is lightly wounded.
The gnoll closely misses you. The gnoll hits you with a +0 spear!
A goblin comes into view. It is wielding a +0 dagger.
You barely miss the gnoll.
The gnoll is lightly wounded.
The gnoll barely misses you. The gnoll hits you with a +0 club.
The gnoll barely misses you. The gnoll attacks as you move away!
The gnoll barely misses you. The gnoll hits you with a +0 spear.
The gnoll attacks as you move away! The gnoll hits you with a +0 spear.
The gnoll barely misses you. The gnoll attacks as you move away!
The gnoll hits you with a +0 club!
* * * LOW HITPOINT WARNING * * *
The gnoll attacks as you move away! The gnoll hits you with a +0 whip.
* * * LOW HITPOINT WARNING * * *
Your skin crawls.
You feel strong-willed. The gnoll hits you with a +0 whip.
* * * LOW HITPOINT WARNING * * *
The gnoll hits you but does no damage.
The gnoll hits you from afar with a +0 spear.
* * * LOW HITPOINT WARNING * * *
Terence hits you with a +0 hand axe.
* * * LOW HITPOINT WARNING * * *
The adder closely misses you. The gnoll attacks as you move away!
The gnoll hits you with a +0 club!
You die...

.....$...........♣P.##.#
.............#.....###.#
........[....##...## #.#
....g........##...# #.#
#............##...# #.#
#.....g......##...# #.#
#......g.....##...#
#.......ggS...#...#
#.......@@....#...#
#.............###.#
#####.........#
#.........# #.........#
#..........#
#♣.........# ≈.....#####


You could see Terence, 4 gnolls, an adder and a goblin.

Vanquished Creatures
  An adder (D:2)
  2 worms (D:2)
  2 dart slugs (D:2)
  4 orcs (D:3)
  2 ball pythons
  5 endoplasms
  2 giant cockroaches (D:2)
  A goblin (D:2)
  2 hobgoblins (D:2)
  2 jackals (D:1)
  A quokka (D:1)
  4 bats
  A frilled lizard (D:1)
  3 kobolds
  3 rats
35 creatures vanquished.

Vanquished Creatures (others)
  A plant (D:3)
1 creature vanquished.

Grand Total: 36 creatures vanquished

Notes
Turn   | Place    | Note
-------+----------+-------------------------------------------
     0 | D:1      | kevlar127 the Troll Berserker began the quest for the Orb.
     0 | D:1      | Reached XP level 1. HP: 22/22 MP: 0/0
   569 | D:1      | Found a faded altar of an unknown god.
   681 | D:1      | Reached XP level 2. HP: 25/29 MP: 1/1
  1062 | D:2      | Reached XP level 3. HP: 36/36 MP: 2/2
  1137 | D:2      | Reached ** piety under Trog
  1329 | D:2      | Found an opulent altar of Gozag.
  1623 | D:3      | Noticed Terence
  1632 | D:3      | Slain by a gnoll

Illustrated notes

Levels and vault maps discovered:
D:1:      dpeg_arrival_castle, layout_rooms, basic_ecumenical_altar
D:2:      layout_basic, basic_altar
D:3:      layout_basic, mainiacjoe_overflow_surrounded_room, serial_bayou,
          serial_bayou_pond_c, serial_bayou_shore_a, serial_bayou_pond_d,
          serial_bayou_pond_d, serial_bayou_pond_b, serial_bayou_pond_e,
          chequers_serial_rivers_small_a, uniq_terence, uniq_grinder,
          uniq_natasha

Skill      XL: |  1  2  3 |
---------------+----------+-----
Fighting       | 3 |  3.1
Dodging        | |  2.6
Unarmed Combat | |  3.9

Action                   || total
-------------------------++-------
Melee: Unarmed           ||    80
       Punch             ||     1
Invok: Trog's Hand       ||     1
Armor: Animal skin       ||    28
Dodge: Dodged            ||    52

Table legend: (Time is in decaauts)
 A = Elapsed time spent in this place.
 B = Non-inter-level travel time spent in this place.
 C = Inter-level travel time spent in this place.
 D = Time resting spent in this place.
 E = Time spent auto-exploring this place.
 F = Levels seen in this place.
 G = Mean time per level.
                   A        B        C        D        E       F      G
               +--------+--------+--------+--------+--------+-----+--------+
         Total |   1628 |   1526 |    102 |    200 |   1103 |   3 |  542.7 |
       Dungeon |   1628 |   1526 |    102 |    200 |   1103 |   3 |  542.7 |
               +--------+--------+--------+--------+--------+-----+--------+

Top non-repeatable levels by time:
     D:1: 860 daAuts
     D:2: 696 daAuts
     D:3: 71 daAuts
